Map: Romanticide LE

Players

Astrea - Winner!

  • Race: Protoss Protoss
  • League: Master
  • Spawn Location: 5:00

Asuna

  • Race: Protoss Protoss
  • League: Master
  • Spawn Location: 11:00

Event: DreamHack SC2 Masters 2020 Winter

VOD

Have the link to the VOD?

Description

Time

  • Played on: Oct. 28, 2020, 6:38 p.m.
  • Length: 4:56

All games in this series

Show
View Real Time Build Order
Export as new Build Order

Astrea Protoss - Winner!

Build Orders:  

Get SALT Encoding   

  12  0:00  Probe  
  13  0:12  Probe  
  14  0:17  Pylon  
  14  0:24  Probe (Chrono Boost)  
  15  0:36  Gateway, Probe (Chrono Boost)  
  16  0:44  Probe (Chrono Boost)  
  16  0:46  Assimilator  
  17  0:51  Probe  
  17  0:54  Assimilator  
  18  1:03  Probe  
  19  1:07  Forge  
  20  1:21  Pylon  
  20  1:24  Cybernetics Core  
  19  1:32  Probe  
  20  1:38  Pylon  
  20  1:40  Photon Cannon  
  20  1:44  Probe  
  21  1:47  Pylon  
  21  1:56  Probe  
  22  2:05  Photon Cannon  
  22  2:08  Stalker (Chrono Boost), Probe  
  22  2:09  Warp Gate (Chrono Boost)  
  25  2:23  Probe  
  26  2:31  Stalker  
  28  2:46  Gateway  
  28  2:53  Pylon  
  28  2:57  Gateway  
  28  3:01  Stalker  
  30  3:08  Pylon  
  29  3:33  Nexus  
  29  3:49  Probe  
  29  3:51  Stalker x2  
  29  3:52  Stalker  
  36  4:05  Probe  
  37  4:14  Stalker x2  
  41  4:22  Stalker  
  41  4:39  Stalker x2  
  41  4:40  Probe  
Show
View Real Time Build Order
Export as new Build Order

Asuna Protoss 

Build Orders:  

Get SALT Encoding   

  12  0:00  Probe (Chrono Boost)  
  13  0:10  Probe (Chrono Boost)  
  14  0:15  Probe  
  15  0:22  Pylon  
  15  0:40  Forge, Probe  
  16  0:56  Pylon  
  16  0:58  Pylon  
  16  1:01  Pylon  
  16  1:09  Probe  
  17  1:14  Photon Cannon  
  17  1:15  Pylon  
  17  1:24  Gateway  
  17  1:31  Probe  
  18  1:33  Photon Cannon  
  18  1:37  Assimilator  
  18  1:43  Probe  
  19  1:47  Assimilator  
  19  1:55  Probe  
  20  2:07  Probe  
  21  2:13  Cybernetics Core  
  21  2:19  Probe (Chrono Boost)  
  23  2:31  Probe (Chrono Boost)  
  23  2:40  Nexus  
  23  2:43  Probe  
  24  2:48  Adept (Chrono Boost)  
  26  2:56  Probe  
  27  3:07  Stargate  
  26  3:30  Pylon x2  
  26  3:37  Robotics Facility  
  26  3:43  Shield Battery  
  26  3:46  Pylon  
  26  3:48  Probe  
  29  3:58  Stalker  
  29  4:01  Shield Battery  
  29  4:09  Pylon  
  33  4:10  Probe  
  33  4:11  Void Ray (Chrono Boost)  
  33  4:14  Pylon  
Tags
 
Add a new tag
Caveats
  • Supply blocks, unpowered buildings, or Contaminate may cause inaccurate times.
  • Supply counts are checked every 10 seconds.